 Dungeon Crawl Stone Soup version 0.29.0-4-gdea44cf6ec (webtiles) character file.

Game seed: 7918893732561053833

3367 qw the Cleaver (level 10, -3/59 HPs)
             Began as a Tengu Warper on Aug 28, 2022.
             Was a Believer of Okawaru.
             Slain by Grum
             ... wielding a +1 spear
              (10 damage)
             ... on level 8 of the Dungeon.
             The game lasted 00:00:46 (7429 turns).

qw the Cleaver (Tengu Warper)                       Turns: 7429, Time: 00:00:46

Health: -3/59      AC: 16    Str: 14    XL:     10   Next: 3%
Magic:  12/14      EV: 14    Int:  9    God:    Okawaru [**....]
Gold:   267        SH:  0    Dex: 22    Spells: 13/13 levels left

rFire   . . .      SeeInvis +   Y - +4 war axe (venom)
rCold   . . .      Faith    .   (no shield)
rNeg    . . .      Spirit   .   h - +0 plate armour
rPois   .          Reflect  .   (helmet restricted)
rElec   .          Harm     .   (no cloak)
rCorr   .          Rampage  .   d - +0 pair of gloves
Will    .....      Clarity  +   (boots unavailable)
Stlth   ..........              (no amulet)
HPRegen 0.19/turn               f - +4 ring of evasion
MPRegen 0.14/turn               a - ring of see invisible

@: heroic, flying quickly and evasively, quick
A: beak, talons 3, nimble flight, agile 2, clarity, dopey 1
a: Renounce Religion, Heroism


You were on level 8 of the Dungeon.
You worshipped Okawaru.
Okawaru was pleased with you.
You visited 2 branches of the dungeon, and saw 9 of its levels.

You collected 373 gold pieces.
You spent 106 gold pieces at shops.


Innate Abilities, Weirdness & Mutations

You have a beak for a mouth.
You have claws for feet.
Your magical nature lets you fly swiftly and evasively.
You are very agile. (Dex +8, Str/Int -2)
You possess an exceptional clarity of mind.
You are dopey. (Int -2)


   Skills:
 - Level 5.1(10.1) Fighting
 + Level 11.4(16.4) Axes
 - Level 1.0(6.0) Throwing
 - Level 6.0(11.0) Armour
 - Level 4.2(9.2) Dodging
 - Level 2.0 Spellcasting
 - Level 2.4 Translocations
 - Level 4.0 Invocations


You had 13 spell levels left.
You didn't know any spells.
Your spell library contained the following spells:

 Spells                   Type           Power      Damage    Failure   Level
 Blink                    Tloc           10%        N/A       100%        2
 Gell's Gravitas          Tloc           5%         N/A       100%        3
 Lesser Beckoning         Tloc           5%         N/A       100%        3
 Teleport Other           Tloc           5%         N/A       100%        3
 Manifold Assault         Tloc           5%         N/A       100%        5

Inventory:

Hand Weapons
 j - a +0 flail
 Y - a +4 war axe of venom (weapon)
Missiles
 o - a boomerang (quivered)
Armour
 d - a +0 pair of gloves (worn)
 h - a +0 plate armour (worn)
Jewellery
 a - a ring of see invisible (right hand)
 f - a +4 ring of evasion (left hand)
Scrolls
 b - a scroll of teleportation
 k - a scroll of identify
Potions
 c - a potion of mutation
 e - a potion of curing
 l - a potion of haste
 n - a potion of heal wounds {unknown}
 p - a potion of invisibility {unknown}
 q - a potion of resistance

Dungeon Overview and Level Annotations

Branches:
Dungeon (8/15)             Temple (1/1) D:4
   Lair: D:8-11

Altars:
Ashenzari
Cheibriados
Dithmenos
Elyvilon
Fedhas
Gozag
Hepliaklqana
Kikubaaqudgha
Makhleb
Nemelex Xobeh
Okawaru
Qazlal
Ru
Sif Muna
Trog
Uskayaw
Vehumet
Wu Jian
Xom
Yredelemnul
Zin
The Shining One

Shops:
D:3 ([:*

Annotations:
D:8 Grum


Message History

Okawaru accepts your kill.
The steam dragon scales are intact enough to wear.
You hit the wolf. You hit the howler monkey.
The howler monkey is poisoned.
You are engulfed in a cloud of scalding steam.
The wolf misses you. The howler monkey closely misses you.
You slash the wolf!
You kill the wolf!
Okawaru accepts your kill.
You slash the bullfrog!
The bullfrog is poisoned.
You hit the wolf.
The wolf is poisoned.
You slash the howler monkey!
The howler monkey looks as sick as possible!
The bullfrog hits you but does no damage.
Grum the Hunter comes into view.
He is wielding a +1 spear.
The wolf closely misses you.
You slash the howler monkey!
You kill the howler monkey!
Okawaru accepts your kill.
You slash the wolf!
The wolf looks as sick as possible!
You hit the bullfrog.
The bullfrog looks as sick as possible!
The bullfrog hits you but does no damage.
The wolf completely misses you.
An orc warrior comes into view. It is wielding a +0 war axe.
You slash the bullfrog!
You kill the bullfrog!
Okawaru accepts your kill.
You miss the wolf. The wolf closely misses you.
You have reached level 10!
You slash the wolf!
You kill the wolf!
Okawaru accepts your kill.
Your Invocations skill increases to level 4!
Grum hits you from afar with a +1 spear.
The orc warrior closely misses you.
You slash the orc warrior!
The orc warrior is poisoned.
You claw the orc warrior, but do no damage.
The orc warrior is moderately wounded.
The orc warrior hits you with a +0 war axe!
Grum hits you from afar with a +1 spear!
You die...

#...#.....!..
#...#....... .
#...#....... .
#.....##..# <#
#.....##..##.#
#...........#
#.o.%%)....$#
#..@[%.)....#
#...........#
#.#.g........#
#.
#..........#
#.
#.....<....#
#.
#..######### .
##.. #.. ..


You could see Grum and an orc warrior (very poisoned).

Vanquished Creatures
  Maurice (D:8)
  Sigmund (D:5)
  4 yaks (D:8)
  A steam dragon (D:8)
  An ice beast (D:6)
  2 black bears
  4 ogres
  3 wolves (D:8)
  A centaur (D:8)
  A phantom (D:3)
  4 scorpions
  3 bullfrogs
  A howler monkey (D:8)
  A jelly (D:5)
  2 orc priests
  2 hounds
  3 orc wizards
  Ijyb (D:4)
  6 iguanas
  Robin (D:4)
  4 gnolls
  6 adders
  A river rat (D:4)
  A shadow imp (D:7)
  4 ufetubi
  6 dart slugs
  20 orcs
  An endoplasm (D:1)
  4 giant cockroaches
  16 goblins
  9 hobgoblins
  7 jackals (D:3)
  7 kobolds
  A quokka (D:1)
  7 ball pythons
  5 bats
  4 frilled lizards
  5 rats
151 creatures vanquished.

Vanquished Creatures (collateral kills)
  A goblin (D:3)
1 creature vanquished.

Vanquished Creatures (others)
  4 plants (D:8)
4 creatures vanquished.

Grand Total: 156 creatures vanquished

Notes
Turn   | Place    | Note
-------+----------+-------------------------------------------
     0 | D:1      | qw the Tengu Warper began the quest for the Orb.
     0 | D:1      | Reached XP level 1. HP: 12/12 MP: 4/4
     0 | D:1      | 0 ||| qw: Version: 0.1-a-89-g26bdef1
     0 | D:1      | 0 ||| qw: Game counter: 339
     0 | D:1      | 0 ||| qw: Always use a shield: true
     0 | D:1      | 0 ||| qw: God list: Okawaru
     0 | D:1      | 0 ||| qw: Allow faded altars: false
     0 | D:1      | 0 ||| qw: Do Orc after D:15 true
     0 | D:1      | 0 ||| qw: Do second Lair branch before Depths: true
     0 | D:1      | 0 ||| qw: Lair rune preference: random
     0 | D:1      | 0 ||| qw: Plans: Normal
     0 | D:1      | 0 ||| PLANNING D:1-11
   189 | D:1      | Found a faded altar of an unknown god.
   274 | D:1      | 274 ||| Stepping ~*~*~tactically~*~*~ (hiding).
   275 | D:1      | 275 ||| Stepping ~*~*~tactically~*~*~ (stealth).
   276 | D:1      | 276 ||| Stepping ~*~*~tactically~*~*~ (hiding).
   277 | D:1      | 277 ||| Stepping ~*~*~tactically~*~*~ (stealth).
   284 | D:1      | Reached skill level 3 in Axes
   284 | D:1      | Reached XP level 2. HP: 6/17 MP: 6/6
   510 | D:1      | 510 ||| Stepping ~*~*~tactically~*~*~ (stealth).
   528 | D:1      | 528 ||| Stepping ~*~*~tactically~*~*~ (stealth).
   529 | D:1      | 529 ||| Stepping ~*~*~tactically~*~*~ (stealth).
   537 | D:1      | 537 ||| Stepping ~*~*~tactically~*~*~ (stealth).
   539 | D:1      | 539 ||| Stepping ~*~*~tactically~*~*~ (stealth).
   544 | D:1      | 544 ||| Stepping ~*~*~tactically~*~*~ (stealth).
   552 | D:1      | Reached XP level 3. HP: 15/21 MP: 7/7
   782 | D:1      | Reached skill level 4 in Axes
   860 | D:1      | 860 ||| Stepping ~*~*~tactically~*~*~ (hiding).
   970 | D:1      | 970 ||| UPGRADING to +0 ring mail.
   980 | D:1      | 980 ||| DROPPING +0 leather armour.
   984 | D:1      | 984 ||| READING scroll labelled SINIOS ESOEMUEDI.
  1005 | D:1      | 1005 ||| READING scroll labelled RIELYTH LOUXIDD.
  1011 | D:1      | 1011 ||| DROPPING scroll of blinking.
  1035 | D:2      | Found a sacrificial altar of Ru.
  1143 | D:2      | You fall into a shaft and drop 1 floor!
  1163 | D:3      | 1163 ||| READING 2 scrolls labelled GANI BAXZUREETESE.
  1164 | D:3      | 1164 ||| DROPPING scroll of summoning.
  1335 | D:2      | 1335 ||| Stepping ~*~*~tactically~*~*~ (hiding).
  1624 | D:2      | 1624 ||| Stepping ~*~*~tactically~*~*~ (hiding).
  1863 | D:2      | 1863 ||| UPGRADING to +0 scale mail.
  1873 | D:2      | 1873 ||| DROPPING +0 ring mail.
  1874 | D:2      | 1874 ||| UPGRADING to +6 ring of dexterity.
  1875 | D:2      | 1875 ||| READING scroll labelled LAAGUE YTACH.
  1911 | D:3      | Found Zuveapur's Antique Armour Shoppe.
  1912 | D:3      | 1912 ||| Stepping ~*~*~tactically~*~*~ (hiding).
  2025 | D:3      | 2025 ||| SHOPLISTING +1 robe of Vines {NoPotionHeal
                  | Regen++++} (1680 gold, have 105).
  2025 | D:3      | 2025 ||| SHOPLISTING embroidered hat (147 gold, have 105).
  2025 | D:3      | 2025 ||| SHOPLISTING polished ring mail (189 gold, have
                  | 105).
  2025 | D:3      | 2025 ||| SHOPLISTING shiny scale mail (147 gold, have 105).
  2025 | D:3      | 2025 ||| SHOPLISTING spiked scale mail (189 gold, have
                  | 105).
  2047 | D:3      | Found Upsadwy's Weapon Emporium.
  2055 | D:3      | 2055 ||| BUYING +0 whip of electrocution (106 gold).
  2055 | D:3      | Bought a +0 whip of electrocution for 106 gold pieces
  2055 | D:3      | 2055 ||| SHOPLISTING +1 mace of protection (137 gold, have
                  | 2).
  2055 | D:3      | 2055 ||| DROPPING +0 club.
  2107 | D:3      | Reached XP level 4. HP: 26/26 MP: 8/8
  2110 | D:3      | Found Seafoa's Book Emporium.
  2254 | D:3      | Found a blossoming altar of Fedhas.
  2267 | D:3      | 2267 ||| Stepping ~*~*~tactically~*~*~ (stealth).
  2343 | D:3      | Found Kesigesk's General Store.
  2390 | D:3      | 2390 ||| SHOPLISTING potion of cancellation (88 gold, have
                  | 24).
  2390 | D:3      | 2390 ||| SHOPLISTING potion of curing (33 gold, have 24).
  2553 | D:3      | Noticed a phantom
  2566 | D:3      | Killed a phantom
  2567 | D:3      | Reached skill level 5 in Axes
  2567 | D:3      | Gained mutation: Your magical nature lets you fly swiftly
                  | and evasively. [Tengu growth]
  2567 | D:3      | Reached XP level 5. HP: 26/30 MP: 9/9
  2738 | D:3      | 2738 ||| UPGRADING to +0 pair of gloves.
  2743 | D:3      | 2743 ||| DRINKING 2 puce potions.
  2744 | D:3      | 2744 ||| DRINKING 2 viscous cyan potions.
  2783 | D:3      | 2783 ||| DROPPING potion of flight.
  2784 | D:3      | 2784 ||| DROPPING potion of lignification.
  2813 | D:4      | 2813 ||| PLANNING SEWER
  2854 | D:4      | Reached skill level 6 in Axes
  3004 | D:4      | Noticed Ijyb
  3019 | D:4      | Killed Ijyb
  3211 | D:4      | Found a staircase to the Ecumenical Temple.
  3212 | D:4      | 3212 ||| PLANNING TEMPLE
  3212 | D:4      | 3212 ||| UPGRADING to ring of resist corrosion.
  3213 | D:4      | 3213 ||| READING scroll labelled BAQIZE QOWAYRPH.
  3243 | D:4      | 3243 ||| Stepping ~*~*~tactically~*~*~ (stealth).
  3244 | D:4      | 3244 ||| DRINKING 2 dark potions.
  3244 | D:4      | Gained mutation: You are agile. (Dex +4, Str/Int -1)
                  | [potion of mutation]
  3244 | D:4      | Gained mutation: You are very agile. (Dex +8, Str/Int -2)
                  | [potion of mutation]
  3244 | D:4      | Gained mutation: You are dopey. (Int -2) [potion of
                  | mutation]
  3244 | D:4      | Gained mutation: You possess an exceptional clarity of
                  | mind. [potion of mutation]
  3247 | D:4      | 3247 ||| Stepping ~*~*~tactically~*~*~ (stealth).
  3260 | D:4      | Reached XP level 6. HP: 24/35 MP: 10/10
  3340 | D:4      | 3340 ||| Stepping ~*~*~tactically~*~*~ (stealth).
  3341 | D:4      | 3341 ||| Stepping ~*~*~tactically~*~*~ (stealth).
  3362 | Temple   | Entered the Ecumenical Temple
  3527 | Temple   | 3527 ||| PLANNING SEWER
  3611 | D:4      | Identified the ring "Uvautasch" {MP+9 Dex+2}
  3622 | D:4      | 3622 ||| RIP SEWER
  3799 | D:4      | 3799 ||| PLANNING D:1-11
  3824 | D:4      | 3824 ||| Stepping ~*~*~tactically~*~*~ (stealth).
  3826 | D:4      | Reached skill level 3 in Dodging
  3939 | D:4      | 3939 ||| SWAPPING to +0 war axe.
  3940 | D:4      | 3940 ||| DROPPING +0 hand axe.
  3965 | D:4      | Noticed Robin
  3966 | D:4      | 3966 ||| Stepping ~*~*~tactically~*~*~ (hiding).
  3973 | D:4      | Killed Robin
  3974 | D:4      | 3974 ||| Stepping ~*~*~tactically~*~*~ (stealth).
  3984 | D:4      | Reached skill level 7 in Axes
  4124 | D:4      | 4124 ||| Stepping ~*~*~tactically~*~*~ (stealth).
  4190 | D:4      | 4190 ||| Stepping ~*~*~tactically~*~*~ (stealth).
  4192 | D:4      | 4192 ||| Stepping ~*~*~tactically~*~*~ (stealth).
  4200 | D:4      | Reached skill level 3 in Fighting
  4200 | D:4      | Reached XP level 7. HP: 40/41 MP: 11/11
  4259 | D:4      | 4259 ||| Stepping ~*~*~tactically~*~*~ (stealth).
  4267 | D:4      | 4267 ||| Stepping ~*~*~tactically~*~*~ (stealth).
  4426 | D:4      | 4426 ||| READING scroll labelled OXTUWN IXI DEY.
  4569 | D:4      | 4569 ||| READING 3 scrolls labelled PEIPHO MEAROLA.
  4570 | D:4      | 4570 ||| READING scroll labelled ZERIWA YL YTT.
  4571 | D:4      | 4571 ||| READING 5 scrolls of identify.
  4571 | D:4      | 4571 ||| IDENTIFYING lumpy black potion
  4572 | D:4      | 4572 ||| READING 4 scrolls of identify.
  4572 | D:4      | 4572 ||| IDENTIFYING brown potion
  4573 | D:4      | 4573 ||| READING 3 scrolls of identify.
  4573 | D:4      | 4573 ||| IDENTIFYING sedimented blue potion
  4574 | D:4      | 4574 ||| READING 2 scrolls of identify.
  4574 | D:4      | 4574 ||| IDENTIFYING silvery potion
  4575 | D:4      | 4575 ||| DROPPING potion of attraction.
  4576 | D:4      | 4576 ||| DROPPING potion of brilliance.
  4577 | D:4      | 4577 ||| DROPPING potion of berserk rage.
  4578 | D:4      | 4578 ||| DROPPING potion of magic.
  4579 | D:4      | 4579 ||| DROPPING 2 scrolls of fear.
  4604 | D:5      | Entered Level 5 of the Dungeon
  4751 | D:5      | Reached skill level 8 in Axes
  4906 | D:5      | 4906 ||| DROPPING +0 hand axe of venom.
  4935 | D:5      | Noticed Sigmund
  4936 | D:5      | 4936 ||| Stepping ~*~*~tactically~*~*~ (hiding).
  4947 | D:5      | Killed Sigmund
  4948 | D:5      | Reached skill level 3 in Armour
  5241 | D:5      | 5241 ||| Stepping ~*~*~tactically~*~*~ (stealth).
  5255 | D:5      | Reached XP level 8. HP: 32/46 MP: 12/12
  5425 | D:5      | 5425 ||| Stepping ~*~*~tactically~*~*~ (hiding).
  5692 | D:5      | 5692 ||| UPGRADING to +0 plate armour.
  5702 | D:5      | 5702 ||| DROPPING +0 scale mail.
  5703 | D:5      | 5703 ||| DROPPING ring "Uvautasch" {MP+9 Dex+2}.
  5704 | D:5      | 5704 ||| UPGRADING to +4 ring of evasion.
  5706 | D:5      | 5706 ||| UPGRADING to +6 ring of dexterity.
  5708 | D:5      | 5708 ||| DROPPING ring of resist corrosion.
  5709 | D:5      | 5709 ||| READING 2 scrolls of identify.
  5709 | D:5      | 5709 ||| IDENTIFYING coppery potion
  5766 | D:6      | Reached skill level 9 in Axes
  5766 | D:6      | 5766 ||| STAIRDANCE
  5852 | D:6      | 5852 ||| SWAPPING to +2 war axe of venom.
  5853 | D:6      | 5853 ||| DROPPING +0 war axe.
  5950 | D:6      | 5950 ||| Stepping ~*~*~tactically~*~*~ (stealth).
  5954 | D:6      | 5954 ||| Stepping ~*~*~tactically~*~*~ (stealth).
  5956 | D:6      | 5956 ||| Stepping ~*~*~tactically~*~*~ (hiding).
  5968 | D:6      | 5968 ||| Stepping ~*~*~tactically~*~*~ (stealth).
  5987 | D:6      | 5987 ||| Stepping ~*~*~tactically~*~*~ (hiding).
  6339 | D:6      | 6339 ||| UPGRADING to ring of see invisible.
  6341 | D:6      | 6341 ||| READING scroll labelled OWUIXZONUA.
  6342 | D:6      | 6342 ||| READING scroll labelled YMAXON TYNT.
  6346 | D:6      | 6346 ||| READING 3 scrolls of identify.
  6346 | D:6      | 6346 ||| IDENTIFYING purple potion
  6347 | D:6      | 6347 ||| READING 2 scrolls of identify.
  6347 | D:6      | 6347 ||| IDENTIFYING sedimented brown potion
  6348 | D:6      | 6348 ||| DROPPING potion of ambrosia.
  6426 | D:7      | 6426 ||| FLEEEEING.
  6460 | D:7      | 6460 ||| Stepping ~*~*~tactically~*~*~ (stealth).
  6468 | D:7      | Reached skill level 10 in Axes
  6500 | D:7      | Reached XP level 9. HP: 52/52 MP: 13/13
  6504 | D:7      | Found an iron altar of Okawaru.
  6512 | D:7      | Became a worshipper of Warmaster Okawaru
  6674 | D:7      | 6674 ||| READING scroll of enchant weapon.
  6674 | D:7      | 6674 ||| ENCHANTING +3 war axe of venom.
  6785 | D:7      | 6785 ||| DROPPING +0 whip of electrocution.
  7324 | D:7      | 7324 ||| DROPPING ring of willpower.
  7325 | D:7      | 7325 ||| READING scroll labelled OMOCLI SENE.
  7326 | D:7      | 7326 ||| DRINKING 2 fizzy dark potions.
  7364 | D:8      | Noticed Maurice
  7374 | D:8      | Killed Maurice
  7374 | D:8      | Reached * piety under Okawaru
  7396 | D:8      | 7396 ||| INVOKING Heroism.
  7399 | D:8      | Reached skill level 1 in Invocations
  7402 | D:8      | Reached skill level 11 in Axes
  7410 | D:8      | 7410 ||| INVOKING Heroism.
  7415 | D:8      | Reached skill level 6 in Armour
  7415 | D:8      | Reached skill level 3 in Invocations
  7422 | D:8      | Reached ** piety under Okawaru
  7423 | D:8      | Noticed Grum
  7426 | D:8      | Reached XP level 10. HP: 23/59 MP: 11/14
  7429 | D:8      | HP: 7/59 [orc warrior/+0 war axe (13)]
  7429 | D:8      | Slain by Grum

Levels and vault maps discovered:
D:1:      lightli_molten_gateway, layout_basic,
          hellmonk_ecumenical_altar_crossroads
D:2:      cheibrodos_helix_gallery, layout_loops_ring, basic_altar
D:3:      layout_basic, fedhas_altar_1, serial_shops, nicolae_shop_waterfront,
          nicolae_shop_bloodbath_and_beyond, nicolae_shop_hallway_plus, shop
D:4:      layout_loops_ring, minmay_temple_entry_drinking_statues,
          portal_sewer_entry_a, moated_statue, hangedman_minor_gate_pass,
          uniq_robin, uniq_ijyb
D:5:      layout_loops_ring, serial_glass, glass_columns_b, glass_columns_b,
          minmay_bent, uniq_sigmund
D:6:      layout_rooms, hangedman_decor_riveting
D:7:      layout_rooms, okawaru_altar_gauntlet_db
D:8:      minmay_ornate_pinched, layout_gridville, david_lair_generic,
          uniq_psyche, uniq_maurice, uniq_grum
Temple:   nicolae_temple_slightly_damp_pantheon

Skill      XL: |  1  2  3  4  5  6  7  8  9 10 |
---------------+-------------------------------+-----
Axes           | 3 4 5 6 7 8 10 11 | 11.4
Dodging        | 3 4 |  4.2
Fighting       | 3 4 5 |  5.1
Armour         | 3 4 6 |  6.0
Invocations    | 3 4 |  4.0
Throwing       | |  1.0
Spellcasting   | |  2.0
Translocations | |  2.4

Action                   |  1- 3 |  4- 6 |  7- 9 | 10-12 || total
-------------------------+-------+-------+-------+-------++-------
Melee: Hand axe          |    71 |   103 |       |       ||   174
       Kick              |    15 |    28 |    55 |     1 ||    99
       Peck              |     5 |    18 |    41 |       ||    64
       War axe           |       |    31 |   170 |     2 ||   203
       Punch             |       |     2 |     3 |       ||     5
Throw: Boomerang         |     7 |    21 |    42 |       ||    70
Invok: Heroism           |       |       |     2 |       ||     2
  Use: Scroll            |     4 |     1 |    14 |       ||    19
       Potion            |       |     3 |     1 |       ||     4
Armor: Leather armour    |     8 |       |       |       ||     8
       Scale mail        |     6 |    41 |    10 |       ||    57
       Ring mail         |     2 |       |       |       ||     2
       Plate armour      |       |       |    49 |       ||    49
Dodge: Dodged            |    33 |    58 |    97 |     1 ||   189

Table legend:
 A = Non-vault XP
 B = Vault XP
 C = Vault XP percentage of total XP
 D = Non-vault monster count
 E = Vault monster count
 F = Vault count percentage of total count
                 A         B        C        D         E       F
            +---------+---------+-------+---------+---------+-------
      Total |    2879 |    1931 |  40.1 |     104 |      48 |  31.6
            +---------+---------+-------+---------+---------+-------
        D:1 |      51 |       0 |   0.0 |      20 |       0 |   0.0
        D:2 |      14 |       5 |  26.3 |       7 |       2 |  22.2
        D:3 |     152 |       0 |   0.0 |      19 |       0 |   0.0
        D:4 |     259 |     246 |  48.7 |      19 |      24 |  55.8
        D:5 |     201 |     563 |  73.7 |       4 |      10 |  71.4
        D:6 |     719 |       0 |   0.0 |      13 |       0 |   0.0
        D:7 |     445 |      37 |   7.7 |      16 |       6 |  27.3
        D:8 |    1038 |    1080 |  51.0 |       6 |       6 |  50.0
            +---------+---------+-------+---------+---------+-------
